AoeStats
← MattAtArms

Arabian Desert

517995329Analyzed
1v1 RM · 5d ago on Nov 1, 2026· 25m 6s· 2 players
Game mode
Random Map
Map size
Tiny (2 player)
Population
200
Speed
Normal
Resources
Standard
Victory
Conquest
Starting age
Dark Age
Ending age
Imperial Age
RankedLock teamsTeams togetherTeam positionsShared explorationLock speedFull tech treeHidden civsTurbo modeCheats
Victory
Defeat
🇬🇧 Bohemians · United Kingdom
1902
+15
vs
🇨🇱 Magyars · Chile
1885
-15
Dkastro
5:39 Loom
8:26 Feudal Age
9:38 Town Watch
13:50 Double-Bit Axe
14:59 Horse Collar
17:01 Fletching
19:14 Wheelbarrow
23:43 Castle Age
23:13 Padded Archer Armor
24:24 Bodkin Arrow
23:50 Elite Skirmisher
25:23 Leather Archer Armor
MattAtArms
5:58 Loom
9:14 Feudal Age
9:15 Man-at-Arms
9:55 Double-Bit Axe
20:07 Castle Age
18:13 Fletching
18:23 Padded Archer Armor
19:12 Horse Collar
20:15 Crossbowman
20:51 Bodkin Arrow
21:07 Bow Saw
Connection lost

Rejoining the realm…

Still unreachable

The connection could not be restored.

Session expired

The server has moved on; the page needs a fresh start.